Map: Ruins of Endion

Players

SIMCIK

  • Race: Terran Terran
  • League: Bronze

Mindele - Winner!

  • Race: Terran Terran
  • League: Bronze

VOD

Have the link to the VOD?

Description

Time

  • Played on: May 13, 2016, 9:51 p.m.
  • Length: 4:53
Show
View Real Time Build Order
Export as new Build Order

SIMCIK Terran 

Build Orders:  

Get SALT Encoding   

  12  0:05  SCV  
  13  0:17  SCV  
  14  0:25  Supply Depot  
  14  0:29  SCV  
  14  0:31  Refinery  
  15  0:46  SCV  
  16  0:52  Barracks  
  16  0:58  SCV  
  16  1:04  Refinery  
  17  1:11  SCV  
  18  1:23  SCV  
  19  1:35  SCV  
  19  1:39  Barracks  
  20  1:47  Supply Depot, SCV  
  21  1:55  Marine  
  21  1:59  SCV  
  23  2:11  SCV  
  23  2:13  Marine  
  25  2:17  Barracks  
  25  2:23  SCV  
  26  2:30  Barracks Tech Lab, Supply Depot  
  26  2:34  Barracks Reactor  
  26  2:53  Supply Depot, Combat Shields  
  26  3:04  Marine x2  
  28  3:08  Factory  
  28  3:11  Orbital Command  
  28  3:22  Marine  
  28  3:23  Marine  
  28  3:24  Marine  
  31  3:41  Barracks Reactor  
  31  3:55  Factory Tech Lab  
  31  4:04  Marine  
  31  4:05  Starport, Marine x2  
  27  4:21  Supply Depot  
  27  4:22  Marine x2  
  27  4:23  Marine  
Show
View Real Time Build Order
Export as new Build Order

Mindele Terran - Winner!

Build Orders:  

Get SALT Encoding   

  12  0:02  SCV  
  13  0:14  SCV  
  14  0:20  Supply Depot  
  14  0:26  SCV  
  15  0:37  Refinery  
  15  0:41  SCV  
  16  0:49  Barracks  
  16  0:54  SCV  
  17  1:06  SCV  
  17  1:07  Supply Depot  
  18  1:18  SCV  
  19  1:28  Barracks  
  19  1:36  Orbital Command  
  19  1:45  Reaper  
  20  2:05  Barracks  
  20  2:06  SCV  
  21  2:15  Barracks  
  21  2:17  Marine  
  22  2:23  Marine  
  22  2:24  SCV  
  24  2:34  Supply Depot  
  24  2:36  SCV  
  25  2:37  Marine  
  25  2:43  Reaper  
  27  2:48  SCV  
  28  2:56  Marine  
  28  2:57  Barracks, Marine  
  30  3:04  Marine  
  31  3:06  Supply Depot  
  31  3:08  SCV  
  32  3:15  Marine  
  32  3:17  Marine  
  32  3:19  Reaper  
  35  3:20  SCV  
  35  3:27  Marine  
  36  3:32  Supply Depot, SCV  
  38  3:35  Marine  
  38  3:38  Marine  
  40  3:44  SCV  
  41  3:51  Marine  
  41  3:52  Marine  
  41  3:53  Marine  
  44  3:56  Supply Depot, SCV  
  44  4:02  Marine  
  46  4:08  SCV  
  45  4:18  Marine x2  
  45  4:19  Marine  
Tags
 
Add a new tag
Caveats
  • Supply blocks, unpowered buildings, or Contaminate may cause inaccurate times.
  • Supply counts are checked every 10 seconds.